 Dungeon Crawl Stone Soup version 0.24-a0-451-g263dff2034 (webtiles) character file.

Game seed: 11191854069323657964

336 Mrkan the Ruffian (level 6, -6/51 HPs)
             Began as a Draconian Transmuter on June 26, 2019.
             Killed by divine providence
             ... invoked by an orc priest
              (14 damage)
             ... on level 4 of the Dungeon.
             The game lasted 00:07:21 (1998 turns).

Mrkan the Ruffian (Draconian Transmuter)            Turns: 1998, Time: 00:07:21

Health: -6/51      AC:  9    Str: 12    XL:     6   Next: 28%
Magic:  1/9        EV: 12    Int: 16    God:
Gold:   136        SH:  3    Dex: 11    Spells: 2/9 levels left

rFire    . . .     SeeInvis .     - Unarmed
rCold    + . .     Gourm    .   (no shield)
rNeg     . . .     Faith    .   (armour unavailable)
rPois    .         Spirit   .   (helmet restricted)
rElec    .         Reflect  +   (no cloak)
rCorr    .         Harm     .   m - +2 pair of gloves
MR       .....                  (no boots)
Stlth    +.........             p - +3 amulet of reflection
HPRegen  0.17/turn              (no ring)
MPRegen  0.11/turn              (no ring)

@: appendage (expiring)
A: unfitting armour, claws 1, horns 2, cold resistance 1, cold-blooded, AC +6
a: End Transformation


You were on level 4 of the Dungeon.
You were near starving.
You had grown temporary horns.
You visited 1 branch of the dungeon, and saw 4 of its levels.

You collected 136 gold pieces.

Inventory:

Hand Weapons
 h - a cursed +1 hunting sling
Missiles
 a - 31 arrows
Armour
 m - a +2 pair of gloves (worn)
Jewellery
 p - a +3 amulet of reflection (around neck)
Wands
 e - a wand of polymorph (9)
Scrolls
 b - 2 scrolls of teleportation
 g - 3 scrolls of enchant weapon
 o - 2 scrolls of enchant armour
 q - 4 scrolls of identify
 r - a scroll of remove curse
Potions
 d - a potion of resistance
 f - a potion of brilliance {unknown}
 i - 2 potions of curing
 j - 2 potions of heal wounds
Comestibles
 c - 3 rations


   Skills:
 + Level 3.1 Fighting
 - Level 1.7 Dodging
 * Level 5.0 Unarmed Combat
 - Level 2.0 Spellcasting
 * Level 4.5 Transmutations


You had 2 spell levels left.
You knew the following spells:

 Your Spells              Type           Power        Failure   Level  Hunger
a - Beastly Appendage     Tmut           ###...       3%          1    #......
b - Sticks to Snakes      Tmut           ###.....     4%          2    ###....
c - Ice Form              Ice/Tmut       #.......     63%         4    #####..

Your spell library contained the following spells:

 Spells                   Type           Power        Failure   Level  Hunger
 Spider Form              Tmut/Pois      #.........   24%         3    ###....
 Blade Hands              Tmut           ###.......   65%         5    ######.


Dungeon Overview and Level Annotations

Branches:
Dungeon (4/15)
 Temple: D:4-7

Altars:
Elyvilon
Vehumet

Annotations:
D:3 1 runed translucent door


Innate Abilities, Weirdness & Mutations

Your plain brown scales are hard. (AC +6)
You cannot fit into any form of body armour.
You are cold-blooded and may be slowed by cold attacks.
You have sharp fingernails.
You have a pair of horns on your head.
Your flesh is cold resistant. (rC+)


Message History

The orc priest's wounds heal themselves!
The orc priest calls upon Beogh to heal the orc priest.
The orc priest is healed somewhat.
The orc priest barely misses your adder.
You see here a hound corpse.
Casting: Beastly Appendage (safe; 3% risk of failure)
Confirm with . or Enter, or press ? or * to list all spells.
You create a snake!
You now have 31 arrows.
Your adder bites the orc priest but does no damage.
The orc priest closely misses your adder.
Your adder bites the orc priest.
The orc priest is poisoned.
Your adder poisons the orc priest!
Your adder barely misses the orc priest.
The orc priest calls down the wrath of Beogh upon you.
Beogh smites you!
* * * LOW HITPOINT WARNING * * *
Your adder barely misses the orc priest.
The orc priest mumbles some strange prayers to Beogh against you.
Beogh smites you!
You die...

####### . ###..... ..
#......# ... . ..#
####.##...###...... #.#
#....###........... #.#
#.................. #.#
#....####@###...... #.#
#....## #.†##...... #
#.###.....# ##SSo......
#.##.#.....#.#######o.####
.........###...#####...#
####.##### .............
#....# #..........###
#.#..# #.........# #.#..#
###..........


You could see 2 orc priests, a friendly adder and a friendly ball python.

Vanquished Creatures
  Sigmund (D:2)
  A hound (D:4)
  A bullfrog skeleton (D:4)
  A worker ant (D:4)
  3 adders
  An ooze (D:1)
  An adder skeleton (D:4)
  A dart slug (D:1)
  A leopard gecko (D:2)
  11 orcs (D:3)
  2 ball pythons
  7 giant cockroaches
  5 goblins
  3 hobgoblins
  7 jackals
  5 bats
  4 frilled lizards
  3 kobolds
  6 rats
64 creatures vanquished.

Notes
Turn   | Place    | Note
-------+----------+-------------------------------------------
     0 | D:1      | Mrkan the Draconian Transmuter began the quest for the Orb.
     0 | D:1      | Reached XP level 1. HP: 16/16 MP: 3/3
   185 | D:1      | Reached XP level 2. HP: 17/23 MP: 3/5
   607 | D:2      | Reached XP level 3. HP: 29/29 MP: 4/6
   656 | D:2      | Noticed Sigmund
   703 | D:2      | Gained mutation: Your flesh is cold resistant. (rC+)
                  | [potion of mutation]
   703 | D:2      | Gained mutation: You have sharp fingernails. [potion of
                  | mutation]
   718 | D:2      | Killed Sigmund
   718 | D:2      | Reached skill level 4 in Unarmed Combat
   718 | D:2      | Reached XP level 4. HP: 20/37 MP: 7/7
   718 | D:2      | Reached XP level 5. HP: 23/42 MP: 8/8
  1362 | D:3      | Noticed an angel
  1364 | D:3      | Found a white marble altar of Elyvilon.
  1407 | D:3      | Found a runed translucent door.
  1473 | D:3      | Found a radiant altar of Vehumet.
  1865 | D:3      | Learned a level 2 spell: Sticks to Snakes
  1870 | D:3      | Learned a level 4 spell: Ice Form
  1899 | D:4      | Reached XP level 6. HP: 49/51 MP: 3/9
  1989 | D:4      | Reached skill level 5 in Unarmed Combat
  1998 | D:4      | Killed from afar by an orc priest

Levels and vault maps discovered:
D:1:      eino_arrival_druids_welcome, layout_loops_ring, minmay_tromino_mix6
D:2:      layout_basic, minmay_worlds_worst_comb, uniq_sigmund
D:3:      layout_basic, vehumet_crystals, lemuel_angel_altar
D:4:      layout_rooms, first_ration, minmay_misc_feat_pillars,
          minmay_ogre_servants, uniq_grinder, uniq_ijyb, uniq_blork_the_orc,
          uniq_menkaure

Skill      XL: |  1  2  3  4  5  6 |
---------------+-------------------+-----
Fighting       | 2 3 |  3.1
Unarmed Combat | 4 5 |  5.0
Transmutations | 3 4 |  4.5
Dodging        | |  1.7
Spellcasting   | |  2.0

Action                   |  1- 3 |  4- 6 || total
-------------------------+-------+-------++-------
Melee: Unarmed           |    98 |   126 ||   224
       Tailslap          |     9 |     7 ||    16
       Kick              |     9 |     9 ||    18
       Headbutt          |     2 |     2 ||     4
       Punch             |     1 |     1 ||     2
 Cast: Beastly Appendage |    14 |     5 ||    19
       Sticks to Snakes  |       |     7 ||     7
  Use: Potion            |     4 |     1 ||     5
       Scroll            |       |    10 ||    10
 Stab: Sleeping          |     1 |     1 ||     2
       Invisible         |     2 |       ||     2
  Eat: Chunk             |       |     3 ||     3
Armor: Skin              |    44 |    46 ||    90
Dodge: Dodged            |    67 |    72 ||   139
Block: Other             |       |     1 ||     1

Table legend:
 A = Non-vault XP
 B = Vault XP
 C = Vault XP percentage of total XP
 D = Non-vault monster count
 E = Vault monster count
 F = Vault count percentage of total count
                 A         B        C        D         E       F
            +---------+---------+-------+---------+---------+-------
      Total |     243 |     237 |  49.4 |      57 |       7 |  10.9
            +---------+---------+-------+---------+---------+-------
        D:1 |      24 |       7 |  22.6 |      14 |       1 |   6.7
        D:2 |      42 |     230 |  84.6 |      17 |       6 |  26.1
        D:3 |      61 |       0 |   0.0 |      21 |       0 |   0.0
        D:4 |     116 |       0 |   0.0 |       5 |       0 |   0.0
            +---------+---------+-------+---------+---------+-------
